 Dungeon Crawl Stone Soup version 0.28-a0-422-gd71735cc25 (webtiles) character file.

Game seed: 13651094475089456935

2298 mordus the Magician (level 9, 0/66 HPs)
             Began as a Djinni Conjurer on Sept 8, 2021.
             Was a Follower of Makhleb.
             Slain by an orc wizard (2 damage)
             ... on level 7 of the Dungeon.
             The game lasted 00:46:02 (8772 turns).

mordus the Magician (Djinni Conjurer)               Turns: 8772, Time: 00:46:02

Health: 0/66       AC:  6    Str: 12    XL:     9   Next: 67%
Gold:   349        EV: 18    Int: 24    God:    Makhleb [*.....] SH:  0 Dex: 11

rFire   + + .      SeeInvis .   n - +2 quarterstaff (chaos)
rCold   x . .      Faith    .   (shield currently unavailable)
rNeg    . . .      Spirit   .   a - +0 robe
rPois   ∞          Reflect  .   k - +0 helmet
rElec   .          Harm     .   o - +2 cloak
rCorr   .          Rampage  .   (no gloves)
Will    .....                   (boots unavailable)
Stlth   +.........              l - amulet of the acrobat
HPRegen 0.21/turn               e - +4 ring of evasion
MPRegen 0.00/turn               f - +6 ring of strength

@: confused, flying
A: sickness immunity, fire resistance 2, cold vulnerability 1, float, innate
caster, hp casting, extra vitality 1
a: Renounce Religion


You were on level 7 of the Dungeon.
You worshipped Makhleb.
Makhleb was aware of your devotion.
You visited 2 branches of the dungeon, and saw 8 of its levels.

You collected 349 gold pieces.

Inventory:

Hand Weapons
 b - a +0 dagger
 n - a +2 quarterstaff of chaos (weapon)
Armour
 a - a +0 robe (worn)
 c - a scarf of resistance
 k - a +0 helmet (worn)
 o - a +2 cloak (worn)
Jewellery
 e - a +4 ring of evasion (left hand)
 f - a +6 ring of strength (right hand)
 l - an amulet of the acrobat (around neck)
 m - an amulet of faith
Wands
 h - a wand of paralysis (11)
 j - a wand of digging (6)
Scrolls
 d - 3 scrolls of identify
 q - a scroll of teleportation {unknown}
Potions
 g - a potion of heal wounds
 i - 4 potions of curing
 p - 4 potions of brilliance {unknown}


   Skills:
 + Level 6.0 Fighting
 + Level 6.9 Dodging
 - Level 1.5 Stealth
 * Level 7.5 Spellcasting


You couldn't memorise any spells.
You knew the following spells:

 Your Spells              Type           Power      Damage    Failure   Level
a - Magic Dart            Conj           100%       1d8       1%          1
b - Searing Ray           Conj           90%        2d7       1%          2
c - Dazzling Flash        Conj/Hex       90%        N/A       1%          3
d - Fulminant Prism       Conj/Hex       22%        3d13      3%          4
e - Iskenderun's Mystic   Conj/Tloc      45%        2d10      3%          4
f - Summon Small Mammal   Summ           100%       N/A       1%          1
g - Scorch                Fire           90%        2d10      1%          2
h - Slow                  Hex            45%        N/A       1%          2
i - Olgreb's Toxic Radia  Pois           45%        N/A       3%          4
Your spell library was empty.

Dungeon Overview and Level Annotations

Branches:
Dungeon (7/15)             Temple (1/1) D:4

Altars:
Ashenzari
Cheibriados
Dithmenos
Elyvilon
Fedhas
Gozag
Hepliaklqana
Kikubaaqudgha
Makhleb
Nemelex Xobeh
Okawaru
Qazlal
Ru
Sif Muna
Trog
Uskayaw
Vehumet
Wu Jian
Xom
Yredelemnul
Zin
The Shining One

Shops:
D:3 (:(**   D:5 ?[*

Annotations:
D:6 2 transporters


Innate Abilities, Weirdness & Mutations

You are immune to sickness and miasma.
You are immune to poison.
Your flesh is very heat resistant. (rF++)
You are vulnerable to cold. (rC-)
You float through the air rather than walking.
You learn spells naturally, not from books.
Your magical power is your life essence.
You have superior vitality. (+4 HP)


Message History

The human is almost dead.
The searing ray hits something. (Press . to maintain the ray.)
The human zaps a wand.
Your will is overpowered!
You are confused.
The human completely misses you. The human barely misses you.
The human completely misses you.
An orc wizard comes into view. It is wielding a +0 spear.
The orc wizard shouts!
You hear a shout!
The human hits you with a +0 spectral quarterstaff!
The human zaps a wand.
Your will is overpowered!
You are more confused.
The orc wizard mumbles some strange words.
The orc wizard flickers and vanishes!
The human hits you with a +0 spectral quarterstaff.
The human zaps a wand.
Your will is overpowered!
You are more confused.
The human zaps a wand.
Your will is overpowered!
You are more confused.
The now-empty wand crumbles to dust.
The human hits you but does no damage.
An orc comes into view. It is wielding a +0 flail.
The human completely misses you.
An orc comes into view. It is wielding a +0 hand axe.
The orc shouts!
The human barely misses you. Something barely misses you.
The human closely misses you. Something hits you but does no damage.
The human misses you. Something closely misses you.
The human completely misses you. Something barely misses you.
The human hits you with a +0 spectral quarterstaff!
* * * LOW HITPOINT WARNING * * *
Something barely misses you.
Things that are here:
a +0 club; a +0 leather armour You bump into the rock wall.
The human hits you with a +0 spectral quarterstaff!
* * * LOW HITPOINT WARNING * * *
Something hits you.
You die...

..#####....#
...........#
.[... #....#
..p...#...o## .#
[.....#...o.# .#
.....)...o#)## .#
.......).##.{# .#
#####...)###p##.#
#....# #.@#.#
#....# ##.#.#
#....# #...#
###### ##..#
######## #..#
))..)).# #..#
######.# ######
#..# #......#
#....# ##.#
#......###.##.#
#)##


You could see a human and 2 orcs.

Vanquished Creatures
  A wraith (D:6)
  4 humans (D:7)
  Eustachio (D:5)
  2 sky beasts
  2 ogres
  A bullfrog (D:4)
  A gnoll sergeant (D:7)
  A water moccasin zombie (D:6)
  2 scorpions
  3 centaur zombies
  3 hounds
  A bullfrog zombie (D:5)
  An orc priest (D:7)
  Crazy Yiuf (D:2)
  3 iguanas (D:5)
  Natasha (thrice) (D:2)
  An orc wizard (D:7)
  A hound skeleton (D:5)
  12 gnolls
  12 adders
  A worm (D:2)
  2 dart slugs
  12 orcs
  10 bats
  6 endoplasms
  2 giant cockroaches
  12 goblins
  14 hobgoblins
  5 jackals
  8 kobolds
  3 quokkas
  7 ball pythons
  5 frilled lizards
  9 rats
152 creatures vanquished.

Vanquished Creatures (others)
  A fulminant prism (D:4)
1 creature vanquished.

Grand Total: 153 creatures vanquished

Notes
Turn   | Place    | Note
-------+----------+-------------------------------------------
     0 | D:1      | mordus the Djinni Conjurer began the quest for the Orb.
     0 | D:1      | Reached XP level 1. HP: 15/15 MP: 0/0
   290 | D:1      | Found a faded altar of an unknown god.
   308 | D:1      | Reached XP level 2. HP: 19/22 MP: 0/0
   875 | D:1      | Reached XP level 3. HP: 22/26 MP: 0/0
   875 | D:1      | Learned a level 1 spell: Summon Small Mammal
   888 | D:1      | Reached skill level 1 in Fighting
  1805 | D:2      | Noticed Natasha
  1812 | D:2      | Killed Natasha
  1813 | D:2      | Reached XP level 4. HP: 9/32 MP: 0/0
  2057 | D:2      | Noticed Natasha
  2217 | D:2      | Killed Natasha
  2218 | D:2      | Reached skill level 4 in Spellcasting
  2457 | D:2      | Reached XP level 5. HP: 36/38 MP: 0/0
  2457 | D:2      | Learned a level 2 spell: Scorch
  2495 | D:2      | You are sucked into a shaft and drop 2 floors!
  2544 | D:3      | Found Dus Ela's Assorted Antiques.
  2627 | D:3      | Found an iron altar of Okawaru.
  2960 | D:2      | Noticed Natasha
  2976 | D:2      | Killed Natasha
  3432 | D:2      | Reached XP level 6. HP: 39/44 MP: 0/0
  3697 | D:2      | Found a runed translucent door.
  3698 | D:2      | Noticed Crazy Yiuf
  3761 | D:2      | Killed Crazy Yiuf
  4375 | D:4      | Found a bloodstained altar of Trog.
  4380 | D:4      | Found an ornate altar of the Wu Jian Council.
  4475 | D:4      | Found a staircase to the Ecumenical Temple.
  4501 | Temple   | Entered the Ecumenical Temple
  4531 | Temple   | Became a worshipper of Makhleb the Destroyer
  4751 | D:4      | Reached skill level 5 in Spellcasting
  4751 | D:4      | Reached XP level 7. HP: 37/50 MP: 0/0
  4751 | D:4      | Learned a level 2 spell: Slow
  4854 | D:3      | Found Jogoh's Antique Weapon Boutique.
  4999 | D:3      | Found Urykamue's Book Boutique.
  4999 | D:3      | Found Vawkag's Antique Weapon Shoppe.
  5031 | D:3      | Found Emepnu's General Store.
  5419 | D:4      | Found a shadowy altar of Dithmenos.
  5663 | D:5      | Entered Level 5 of the Dungeon
  6280 | D:5      | Found Calih's Magic Scroll Boutique.
  6400 | D:5      | Reached skill level 5 in Dodging
  6400 | D:5      | Reached XP level 8. HP: 51/58 MP: 0/0
  6580 | D:5      | Found Ykymp's Antique Armour Emporium.
  6868 | D:5      | Found Cigran's Assorted Antiques.
  6892 | D:5      | Noticed Eustachio
  6901 | D:5      | Killed Eustachio
  6902 | D:5      | Reached skill level 6 in Spellcasting
  7024 | D:5      | Found a stormy altar of Qazlal.
  7173 | D:6      | Found a transporter.
  7246 | D:6      | Noticed a kobold demonologist
  7247 | D:6      | Noticed a kobold demonologist
  7247 | D:6      | Noticed a fire crab
  7326 | D:6      | Found a transporter.
  7450 | D:6      | Noticed a wraith
  7469 | D:6      | Killed a wraith
  7486 | D:6      | Reached skill level 5 in Fighting
  7486 | D:6      | Reached XP level 9. HP: 16/65 MP: 0/0
  7486 | D:6      | Learned a level 4 spell: Olgreb's Toxic Radiance
  8092 | D:7      | Reached * piety under Makhleb
  8281 | D:7      | Reached skill level 7 in Spellcasting
  8772 | D:7      | HP: 2/66 [human (9)]
  8772 | D:7      | Slain by an orc wizard

Illustrated notes

Levels and vault maps discovered:
D:1:      evilmike_arrival_home_sweet_home, layout_loops_corners,
          shapermc_ecumenical_altar_acropolis
D:2:      layout_rooms, st_stairs_6, minmay_pentomino_pile,
          uniq_crazy_yiuf_cottage, uniq_natasha
D:3:      layout_basic, mainiacjoe_overflow_six_doors_small, serial_shops,
          nicolae_square_shop, nicolae_shop_window_shopping, shop, shop,
          nicolae_shop_trees
D:4:      layout_loops_ring, nicolae_overflow_hidden_temple,
          minmay_temple_entry_mist
D:5:      minmay_general_purpose_star, layout_loops_ring,
          mainiacjoe_overflow_cross_hatched, lemuel_doored_altar, serial_shops,
          shop_fountains, nicolae_lakefront_shop, nicolae_shop_statue_plus,
          uniq_eustachio
D:6:      gammafunk_wand_slinger, layout_basic, minmay_microvault
D:7:      layout_basic, chequers_serial_rivers_micro_b, minivault_27,
          minmay_ruffians, uniq_harold
Temple:   compressed_dpeg_circular_temple

Skill      XL: |  1  2  3  4  5  6  7  8  9 |
---------------+----------------------------+-----
Fighting       | 1 2 3 4 5 6 |  6.0
Dodging        | 3 4 5 6 |  6.9
Spellcasting   | 4 5 6 7 |  7.5
Stealth        | |  1.5

Action                   |  1- 3 |  4- 6 |  7- 9 || total
-------------------------+-------+-------+-------++-------
Melee: Quarterstaff      |       |       |     4 ||     4
 Cast: Magic Dart        |    60 |    75 |    64 ||   199
       Searing Ray       |     6 |    13 |    54 ||    73
       Summon Small Mamm |     1 |       |       ||     1
       Scorch            |       |    20 |       ||    20
       Fulminant Prism   |       |     1 |       ||     1
       Iskenderun's Myst |       |       |     5 ||     5
  Use: Potion            |     3 |       |     2 ||     5
       Scroll            |     1 |     5 |       ||     6
Armor: Robe              |     3 |       |    11 ||    14
Dodge: Dodged            |     9 |    20 |    94 ||   123

Table legend: (Time is in decaauts)
 A = Elapsed time spent in this place.
 B = Non-inter-level travel time spent in this place.
 C = Inter-level travel time spent in this place.
 D = Time resting spent in this place.
 E = Time spent auto-exploring this place.
 F = Levels seen in this place.
 G = Mean time per level.
                   A        B        C        D        E       F      G
               +--------+--------+--------+--------+--------+-----+--------+
         Total |   8804 |   8617 |    187 |   1843 |   5445 |   8 | 1100.5 |
       Dungeon |   8716 |   8529 |    187 |   1843 |   5430 |   7 | 1245.1 |
        Temple |     87 |     87 |      0 |      0 |     15 |   1 |   87.0 |
               +--------+--------+--------+--------+--------+-----+--------+

Top non-repeatable levels by time:
     D:1: 2371 daAuts
     D:5: 1498 daAuts
     D:2: 1167 daAuts
     D:4: 1059 daAuts
     D:3: 998 daAuts
     D:6: 881 daAuts
     D:7: 739 daAuts
  Temple: 87 daAuts
